 Dungeon Crawl Stone Soup version 0.28-a0-828-g0121872642 (webtiles) character file.

Game seed: 11876210843357191370

468 Zenkrye the Chopper (level 6, -8/47 HPs)
             Began as a Palentonga Gladiator on Nov 10, 2021.
             Was a Follower of Uskayaw.
             Mangled by an ogre (18 damage)
             ... on level 4 of the Dungeon.
             The game lasted 00:09:44 (4151 turns).

Zenkrye the Chopper (Palentonga Gladiator)          Turns: 4151, Time: 00:09:44

Health: -8/47      AC:  9    Str: 19    XL:     6   Next: 81%
Magic:  6/6        EV:  5    Int:  9    God:    Uskayaw [*.....]
Gold:   219        SH:  0    Dex: 11    Spells: 5/5 levels left

rFire   . . .      SeeInvis +   a - +0 war axe
rCold   . . .      Faith    .   (no shield)
rNeg    . . .      Spirit   .   t - +0 chain mail
rPois   .          Reflect  .   c - +0 helmet
rElec   .          Harm     .   (no cloak)
rCorr   .          Rampage  .   h - +0 pair of gloves
Will    .....                   (no barding)
Stlth   ..........              (no amulet)
HPRegen 0.15/turn               (no ring)
MPRegen 0.10/turn               (no ring)

@: no status effects
A: large, rugged brown scales 3, see invisible, deformed body, roll 1, armoured
tail
a: Rolling Charge, Renounce Religion, Stomp


You were on level 4 of the Dungeon.
You worshipped Uskayaw.
Uskayaw was noncommittal.
You visited 1 branch of the dungeon, and saw 4 of its levels.
You also visited: Sewer.

You collected 219 gold pieces.

Inventory:

Hand Weapons
 a - a +0 war axe (weapon)
 k - a +0 hunting sling {@w2}
Missiles
 d - 2 throwing nets {!f}
 q - 41 sling bullets
 r - 24 stones (quivered)
Armour
 b - a +0 leather armour
 c - a +0 helmet (worn)
 h - a +0 pair of gloves (worn)
 j - a +0 ring mail
 t - a +0 chain mail (worn)
Jewellery
 m - an amulet of guardian spirit
Wands
 s - a wand of mindburst (4)
Scrolls
 l - 2 scrolls of teleportation {@r3}
Potions
 e - a potion of berserk rage
 f - 4 potions of curing {@q1}
 g - 2 potions of attraction {unknown}
 n - 3 potions of flight
 o - 2 potions of heal wounds {unknown}
 p - a potion of mutation {unknown}


   Skills:
 - Level 2.0 Fighting
 + Level 7.8 Axes
 - Level 1.3 Throwing
 - Level 2.4 Dodging


You had 5 spell levels left.
You didn't know any spells.
Your spell library contained the following spells:

 Spells                   Type           Power      Damage    Failure   Level
 Freeze                   Ice            0%         1d3       99%         1
 Frozen Ramparts          Ice            0%         1d2       100%        3
 Hailstorm                Conj/Ice       0%         3d3       100%        4


Dungeon Overview and Level Annotations

Branches:
Dungeon (4/15)              Sewer (visited)
 Temple: D:4-7

Altars:
Uskayaw


Innate Abilities, Weirdness & Mutations

You are completely covered in rugged brown scales. (AC +3, +7% HP)
You have supernaturally acute eyesight. (SInv)
Armour fits poorly on your strangely shaped body.
You can roll at nearby foes to attack.
You have a long armoured tail.


Message History

The ogre is lightly wounded.
The kobold throws a stone.
The stone hits you but does no damage.
The kobold throws a stone.
The stone hits you but does no damage.
Throw: 27 stones
Press: ? - help, Q - select action, (/) - cycle Shift-Dir - straight line, f/p - ogre
Aim: an ogre, wielding a +0 giant spiked club (lightly wounded, 71% to hit)
You throw a stone. The stone hits the ogre.
The ogre is lightly wounded.
You can now stomp with the beat.
Throw: 26 stones
Press: ? - help, Q - select action, (/) - cycle Shift-Dir - straight line, f/p - ogre
Aim: an ogre, wielding a +0 giant spiked club (lightly wounded, 71% to hit)
You throw a stone. The stone barely misses the ogre.
The stone closely misses the kobold.
Throw: 25 stones
Press: ? - help, Q - select action, (/) - cycle Shift-Dir - straight line, f/p - ogre
Aim: an ogre, wielding a +0 giant spiked club (lightly wounded, 71% to hit)
You throw a stone.
The stone hits the ogre but does no damage.
The ogre is lightly wounded.
Okay, then.
Unknown command.
You barely miss the ogre.
You tail-slap the ogre, but do no damage.
The ogre is lightly wounded.
The ogre hits you with a +0 giant spiked club!
You hit the ogre.
The ogre is lightly wounded.
The ogre hits you with a +0 giant spiked club!
You hit the ogre.
The ogre is moderately wounded.
The ogre hits you with a +0 giant spiked club!
* * * LOW HITPOINT WARNING * * *
Okay, then.
Unknown command.
Unknown command.
You hit the ogre.
The ogre is moderately wounded.
The ogre hits you with a +0 giant spiked club!!
You die...

#...# ##...## ... .
8...8 ... .. #...# ...
... #...# .. (...
##...## . .....
#8...8######+#####
..((..##...##...........
#.KO@................
#....#######..........#
#....................>#
#.. ..................#
#. ..................# #
########.......####
###..#### ##.### #
#.#8###8#


You could see an ogre and a kobold.

Vanquished Creatures
  Sigmund (D:3)
  A merfolk siren (Sewer)
  9 gnolls
  6 adders
  A river rat (Sewer)
  3 worms (D:2)
  3 dart slugs
  An orc (D:3)
  6 bats
  5 endoplasms
  9 giant cockroaches
  4 goblins
  7 hobgoblins
  2 jackals (D:2)
  6 quokkas
  12 ball pythons
  A ball python skeleton (D:2)
  12 frilled lizards
  8 kobolds
  30 rats
127 creatures vanquished.

Notes
Turn   | Place    | Note
-------+----------+-------------------------------------------
     0 | D:1      | Zenkrye the Palentonga Gladiator began the quest for the
                  | Orb.
     0 | D:1      | Reached XP level 1. HP: 17/17 MP: 1/1
   228 | D:1      | Reached XP level 2. HP: 23/23 MP: 2/2
   495 | D:1      | Reached skill level 4 in Axes
  1130 | D:2      | Reached XP level 3. HP: 28/28 MP: 3/3
  1686 | D:2      | Found a faded altar of an unknown god.
  1825 | D:1      | Reached skill level 5 in Axes
  1825 | D:1      | Reached XP level 4. HP: 28/35 MP: 4/4
  2720 | D:3      | Found a glowing drain.
  2733 | Sewer    | Entered a sewer
  2885 | Sewer    | Reached XP level 5. HP: 40/40 MP: 5/5
  2901 | Sewer    | Reached skill level 6 in Axes
  3414 | D:3      | Reached XP level 6. HP: 47/47 MP: 6/6
  3457 | D:3      | Noticed Sigmund
  3893 | D:3      | Killed Sigmund
  3894 | D:3      | Reached skill level 7 in Axes
  3953 | D:3      | Found a hide-covered altar of Uskayaw.
  3964 | D:3      | Became a worshipper of Uskayaw the Reveller
  4145 | D:4      | Reached * piety under Uskayaw
  4151 | D:4      | Mangled by an ogre

Illustrated notes

Levels and vault maps discovered:
D:1:      sevenhm_arrival_forest_fort_small_5, layout_loops_ring,
          wander_ebering_terrifying_dragon_lair
D:2:      minmay_skewed_foursquare, layout_basic, basic_ecumenical_altar,
          kennysheep_generic_room_5
D:3:      layout_rooms, nicolae_uskayaw_murder_on_the_dancefloor,
          gup_sewer_entry_bubbles, uniq_sigmund
D:4:      layout_basic, xom_butterflies, mainiacjoe_overflow_surrounded_room,
          cheibriados_altar_1, serial_shops, nicolae_inconvenience_store,
          serial_corexii_hall, corexii_hall_statues_t, corexii_hall_statues_x,
          corexii_hall_statues_s, corexii_hall_statues_l

Skill      XL: |  1  2  3  4  5  6 |
---------------+-------------------+-----
Axes           | 4 5 6 7 |  7.8
Fighting       | |  2.0
Throwing       | |  1.3
Dodging        | |  2.4

Action                   |  1- 3 |  4- 6 || total
-------------------------+-------+-------++-------
Melee: War axe           |   109 |   174 ||   283
       Tailslap          |     9 |    13 ||    22
 Fire: Hunting sling     |    20 |    11 ||    31
Throw: Throwing net      |       |     1 ||     1
       Stone             |       |     5 ||     5
Evoke: Wand              |       |     4 ||     4
  Use: Scroll            |     2 |     3 ||     5
       Potion            |       |     1 ||     1
 Stab: Held in net/web   |       |     1 ||     1
Armor: Leather armour    |    52 |       ||    52
       Ring mail         |    16 |    66 ||    82
       Chain mail        |       |     8 ||     8
Dodge: Dodged            |    65 |    65 ||   130

Table legend: (Time is in decaauts)
 A = Elapsed time spent in this place.
 B = Non-inter-level travel time spent in this place.
 C = Inter-level travel time spent in this place.
 D = Time resting spent in this place.
 E = Time spent auto-exploring this place.
 F = Levels seen in this place.
 G = Mean time per level.
                   A        B        C        D        E       F      G
               +--------+--------+--------+--------+--------+-----+--------+
         Total |   4287 |   4190 |     97 |    606 |   2569 |   5 |  857.4 |
       Dungeon |   3812 |   3715 |     97 |    606 |   2339 |   4 |  953.0 |
         Sewer |    475 |    475 |      0 |      0 |    230 |   1 |  475.0 |
               +--------+--------+--------+--------+--------+-----+--------+

Top non-repeatable levels by time:
     D:3: 1294 daAuts
     D:2: 1275 daAuts
     D:1: 1187 daAuts
   Sewer: 475 daAuts
     D:4: 54 daAuts
